 Dungeon Crawl Stone Soup version 0.18-a0-33-g9e10395 (webtiles) character file.

21670 Chiseanne the Ogre Mage (level 12, -11/105 HPs)
             Began as an Ogre Conjurer on Nov 1, 2015.
             Was an Elder of Vehumet.
             Mangled by Maud
             ... wielding a +4 scimitar of slicing
              (42 damage)
             ... on level 14 of the Dungeon on Nov 5, 2015.
             The game lasted 01:15:58 (16120 turns).

Chiseanne the Ogre Mage (Ogre Conjurer)            Turns: 16120, Time: 01:15:58

Health: -11/105    AC: 12    Str: 16    XL:     12   Next: 92%
Magic:  0/39       EV: 10    Int: 23    God:    Vehumet [****..]
Gold:   140        SH:  0    Dex: 10    Spells: 8 memorised, 14 levels left

rFire  + . .     SeeInvis .     s - +7 rapier of the Countless Hells {freeze, -Tele +Rage Int+5}
rCold  . . .     Clarity  .     D - +2 robe {rF+}
rNeg   + . .     SustAt   .     (no shield)
rPois  .         Gourm    .     (helmet restricted)
rElec  .         Spirit   .     o - +1 cloak
rCorr  .         Warding  +     (gloves unavailable)
rMut   .         NoTele   +     (boots unavailable)
MR     +....                    f - amulet of warding
Stlth  +.........               m - ring of magical power
                                q - +5 ring of protection

@: somewhat resistant to hostile enchantments, very unstealthy
A: unfitting armour, robust 1, tough skin 1
a: Renounce Religion, Evoke Berserk Rage


You were on level 14 of the Dungeon.
You worshipped Vehumet.
Vehumet was greatly pleased with you.
You were hungry.

You visited 2 branches of the dungeon, and saw 15 of its levels.
You also visited: Sewer.

You collected 761 gold pieces.
You spent 621 gold pieces at shops.

Inventory:

Hand Weapons
 a - a +3 mace of protection
 e - a +0 blowgun
 s - the +7 rapier of the Countless Hells (weapon) {freeze, -Tele +Rage Int+5}
   (You found it on level 6 of the Dungeon)

   It has been specially enchanted to freeze those struck by it, causing extra
   injury to most foes and up to half again as much damage against particularly
   susceptible opponents.
   It can also slow down cold-blooded creatures.
   It affects your intelligence (+5).
   It lets you go berserk.
   It prevents most forms of teleportation.
Missiles
 u - 2 tomahawks of dispersal (quivered)
 w - 72 poisoned needles
 y - 10 large rocks
 Q - 38 tomahawks
 T - 3 curare-tipped needles
Armour
 o - a +1 cloak (worn)
 D - a +2 robe of fire resistance (worn)
 J - a +2 robe of positive energy
Jewellery
 f - an amulet of warding (around neck)
 g - an uncursed ring of fire
 h - an uncursed ring of teleportation
 k - an uncursed ring of protection from cold
 m - a ring of magical power (right hand)
 q - a +5 ring of protection (left hand)
 L - an uncursed amulet of resist corrosion
 W - an uncursed ring of protection from magic
Wands
 C - a wand of random effects (34)
 K - a wand of paralysis (0)
 O - a wand of draining (2)
 Y - a wand of digging (10)
Scrolls
 d - 2 scrolls of remove curse
 n - 2 scrolls of fear
 t - 2 scrolls of recharging
 E - a scroll of noise
 N - a scroll of amnesia
 U - a scroll of identify
Potions
 i - 12 potions of curing
 l - 6 potions of heal wounds
 p - a potion of might
 r - 2 potions of brilliance
 x - 2 potions of haste
 z - 2 potions of lignification
 A - a potion of cure mutation
 B - a potion of resistance
 G - 2 potions of flight
 I - 2 potions of cancellation
 P - a potion of ambrosia
 R - a potion of agility
 Z - a potion of magic
Books
 b - a book of Conjurations

   Spells                             Type                      Level
   a - Magic Dart                     Conjuration                  1
   b - Searing Ray                    Conjuration                  2
   c - Dazzling Spray                 Conjuration/Hexes            3
   d - Fulminant Prism                Conjuration/Hexes            4
   e - Iskenderun's Mystic Blast      Conjuration                  4
   f - Iskenderun's Battlesphere      Conjuration/Charms           5
 F - a book of the Tempests

   Spells                             Type                      Level
   a - Static Discharge               Conjuration/Air              3
   b - Lightning Bolt                 Conjuration/Air              5
   c - Fireball                       Conjuration/Fire             5
   d - Tornado                        Air                          9
   e - Shatter                        Earth                        9
 H - a book of Death

   Spells                             Type                      Level
   a - Corpse Rot                     Necromancy                   2
   b - Sublimation of Blood           Necromancy                   2
   c - Agony                          Necromancy                   5
   d - Dispel Undead                  Necromancy                   5
   e - Excruciating Wounds            Charms/Necromancy            5
   f - Bolt of Draining               Conjuration/Necromancy       5
 M - a book of Ice

   Spells                             Type                      Level
   a - Ice Form                       Ice/Transmutation            4
   b - Metabolic Englaciation         Hexes/Ice                    5
   c - Ozocubu's Refrigeration        Ice                          6
   d - Bolt of Cold                   Conjuration/Ice              6
   e - Freezing Cloud                 Conjuration/Ice/Air          6
   f - Simulacrum                     Ice/Necromancy               6
 V - a book of Fire

   Spells                             Type                      Level
   a - Ignite Poison                  Fire/Transmutation/Poison    3
   b - Fireball                       Conjuration/Fire             5
   c - Bolt of Fire                   Conjuration/Fire             6
   d - Delayed Fireball               Conjuration/Fire             7
   e - Ring of Flames                 Charms/Fire                  7
 X - a book of Cantrips

   Spells                             Type                      Level
   a - Corona                         Hexes                        1
   b - Animate Skeleton               Necromancy                   1
   c - Summon Small Mammal            Summoning                    1
   d - Apportation                    Translocation                1
Miscellaneous
 v - a disc of storms
Comestibles
 c - 5 bread rations
 j - 5 meat rations
 S - 5 royal jellies


   Skills:
 + Level 1.2 Throwing
 - Level 1.7 Dodging
 - Level 1.5 Stealth
 * Level 14.8 Spellcasting
 * Level 8.7 Conjurations
 - Level 7.1 Charms
 * Level 5.7 Air Magic


You had 14 spell levels left.
You knew the following spells:

 Your Spells              Type           Power        Failure   Level  Hunger
a - Magic Dart            Conj           ####         1%          1    None
b - Searing Ray           Conj           ######       1%          2    None
c - Dazzling Spray        Conj/Hex       #####...     1%          3    None
d - Iskenderun's Mystic   Conj           ######..     1%          4    None
e - Iskenderun's Battles  Conj/Chrm      ######..     1%          5    ##.....
f - Lightning Bolt        Conj/Air       ######....   2%          5    ##.....
g - Fireball              Conj/Fire      #####.....   4%          5    ##.....
h - Apportation           Tloc           ###.......   3%          1    None


Dungeon Overview and Level Annotations

Branches:
Dungeon (14/15)            Temple (1/1) D:6            Lair (0/8) D:10
    Orc (0/4) D:12
 Vaults: D:13-14

Altars:
Cheibriados
Fedhas
Gozag
Kikubaaqudgha
Makhleb
Nemelex Xobeh
Okawaru
Qazlal
Ru
Sif Muna
Vehumet
Xom
Yredelemnul
The Shining One

Shops:
D:7 *!   D:8 *   D:12 *??

Annotations:
D:14 Maud


Innate Abilities, Weirdness & Mutations

You are too large for most types of armour.
You have tough skin (AC +1).
You are robust (+10% HP).


Message History

Maud is severely wounded.
Your battlesphere fires!
The barrage of energy hits Maud.
Maud is severely wounded.
Maud misses you.
Casting: Searing Ray
Confirm with . or Enter, or press ? or * to list all spells.
Aiming: Magic Dart
Press: ? - help, Shift-Dir - straight line, f/p - Maud
Aim: Maud, wielding a scimitar of slicing and wearing a plate armour (severely wounded)
The magic dart hits Maud.
Maud is severely wounded.
Your battlesphere fires!
The barrage of energy hits Maud.
Maud is almost dead.
Maud hits you with a scimitar of slicing!
* * * LOW HITPOINT WARNING * * *
Maud screams, "Give me 'Entarex'!"
Maud hits you with a scimitar of slicing!!!
You die...

# ##### #
.## ....##.#
####...#
.......#
#......#
###.#### #.#
#.##### #.#
#.....#
#.###@###.#
#####.#
#....@.*..#
#.#
#####.#####
#.# #.# #.#
#.# #.# #.#
#.# #.# #)#
#.#
#.########.#
#..........#


You could see Maud.

Vanquished Creatures
  Kirke (D:12)
  Fannar (D:11)
  Erolcha (D:8)
  A hill giant (D:11)
  2 cyclopes
  8 ugly things
  A manticore (D:12)
  A kobold demonologist (D:12)
  A queen bee (D:8)
  A troll (D:11)
  6 slime creatures (D:12)
  Sigmund (D:3)
  A wyvern (D:8)
  2 deep elf magi (D:12)
  3 hogs (D:12)
  A shadow (D:13)
  A steam dragon (D:10)
  The ghost of Charobnjak32 the Chiller, an amateur DgIE (D:4)
  8 hippogriffs
  A mottled dragon (D:12)
  9 yaks
  A vampire mosquito (D:12)
  A sky beast (D:6)
  An eye of draining (D:14)
  An ice beast (D:10)
  A wasp (D:12)
  8 ogres
  2 phantoms
  3 black bears
  2 necrophages
  8 orc warriors
  4 big kobolds
  3 centaurs
  5 crocodiles
  11 giant frogs
  A gnoll sergeant (D:8)
  3 scorpions
  27 killer bees
  2 jellies
  8 wights
  9 crimson imps
  5 iguanas
  3 centaur zombies
  6 hounds
  7 orc priests
  A giant frog skeleton (D:11)
  2 giant frog zombies
  Jessica (D:3)
  10 worker ants
  15 orc wizards
  14 adders
  10 gnolls
  4 river rats
  3 shadow imps
  2 oozes (D:1)
  6 worms
  An adder zombie (D:7)
  2 adder skeletons
  5 giant geckos
  72 orcs
  3 goblins
  9 hobgoblins
  18 kobolds
  6 quokkas
  2 ball pythons
  9 bats
  7 giant cockroaches
  A giant cockroach zombie (D:6)
  8 giant newts
  2 gnoll zombies (D:7)
  7 jackals
  A jackal zombie (D:7)
  15 rats
410 creatures vanquished.

Notes
Turn   | Place    | Note
--------------------------------------------------------------
     0 | D:1      | Chiseanne the Ogre Conjurer began the quest for the Orb.
     0 | D:1      | Reached XP level 1. HP: 16/16 MP: 3/3
    78 | D:1      | Reached skill level 3 in Conjurations
   417 | D:1      | Reached XP level 2. HP: 22/24 MP: 5/5
   700 | D:1      | Learned a level 2 spell: Searing Ray
   874 | D:1      | Reached XP level 3. HP: 31/31 MP: 7/7
  1371 | D:1      | Learned a level 3 spell: Dazzling Spray
  1713 | D:2      | Reached XP level 4. HP: 39/39 MP: 9/9
  2104 | D:2      | Learned a level 4 spell: Iskenderun's Mystic Blast
  2183 | D:3      | Noticed Jessica
  2200 | D:3      | Killed Jessica
  2200 | D:3      | Reached skill level 4 in Spellcasting
  2200 | D:3      | Reached XP level 5. HP: 34/45 MP: 8/11
  2948 | D:3      | Noticed Sigmund
  2961 | D:3      | Killed Sigmund
  2961 | D:3      | Reached skill level 5 in Spellcasting
  2961 | D:3      | Reached XP level 6. HP: 35/53 MP: 4/13
  3420 | D:4      | Reached skill level 6 in Spellcasting
  3420 | D:4      | Reached skill level 5 in Conjurations
  3420 | D:4      | Reached XP level 7. HP: 59/59 MP: 10/16
  3771 | D:4      | Noticed Charobnjak32's ghost (amateur DgIE)
  3801 | D:4      | Killed Charobnjak32's ghost
  4058 | D:5      | Entered Level 5 of the Dungeon
  4306 | D:5      | Reached skill level 7 in Spellcasting
  4306 | D:5      | Reached XP level 8. HP: 67/67 MP: 16/18
  4552 | D:5      | Found a stormy altar of Qazlal.
  4553 | D:5      | Found a sparkling altar of Nemelex Xobeh.
  4644 | D:6      | Found a blossoming altar of Fedhas.
  4800 | D:6      | Found a glowing drain.
  4814 | Sewer    | Entered a sewer
  5016 | Sewer    | Found a white marble altar of Elyvilon.
  5124 | D:6      | Found a staircase to the Ecumenical Temple.
  5136 | Temple   | Entered the Ecumenical Temple
  5154 | Temple   | Became a worshipper of Vehumet
  5348 | D:6      | Reached skill level 8 in Spellcasting
  5377 | D:6      | Found a glowing golden altar of the Shining One.
  5434 | D:6      | Got a bloodstained rapier
  5435 | D:6      | Identified the +7 rapier of the Countless Hells {freeze, -Tele +Rage Int+5} (You found it on level 6 of the Dungeon)
  5442 | D:6      | Learned a level 5 spell: Iskenderun's Battlesphere
  5498 | D:6      | Reached skill level 1 in Charms
  5645 | D:6      | Reached XP level 9. HP: 57/74 MP: 10/21
  5763 | D:6      | Reached skill level 9 in Spellcasting
  6678 | D:7      | Reached skill level 10 in Spellcasting
  7177 | D:7      | Found Archagam's General Store.
  7198 | D:7      | Bought a scroll of identify for 32 gold pieces
  7226 | D:7      | Reached * piety under Vehumet
  7226 | D:7      | Offered knowledge of Flame Tongue by Vehumet.
  7261 | D:7      | Found Bitij's Distillery.
  7405 | D:7      | Bought a potion of haste for 110 gold pieces
  7405 | D:7      | Bought a potion of agility for 44 gold pieces
  7405 | D:7      | Bought a potion of heal wounds for 55 gold pieces
  7405 | D:7      | Bought 2 potions of curing for 66 gold pieces
  7405 | D:7      | Bought a potion of curing for 33 gold pieces
  7454 | D:7      | Reached XP level 10. HP: 77/81 MP: 24/24
  7630 | D:7      | Reached skill level 11 in Spellcasting
  7665 | D:7      | Found a sacrificial altar of Ru.
  7841 | D:7      | Found a basalt altar of Yredelemnul.
  7898 | D:7      | Reached skill level 5 in Charms
  8296 | D:8      | Noticed Erolcha
  8302 | D:8      | Killed Erolcha
  8352 | D:8      | Reached ** piety under Vehumet
  8552 | D:8      | Offered knowledge of Shock by Vehumet.
  8814 | D:8      | Reached skill level 12 in Spellcasting
  8938 | D:8      | Offered knowledge of Inner Flame by Vehumet.
  9169 | D:8      | Found Wumat's Assorted Antiques.
  9177 | D:8      | Bought a brown potion for 29 gold pieces
  9177 | D:8      | Bought a bubbling ruby potion for 29 gold pieces
  9314 | D:8      | Found a deep blue altar of Sif Muna.
  9613 | D:9      | Reached *** piety under Vehumet
  9775 | D:9      | Reached XP level 11. HP: 84/88 MP: 25/27
 10404 | D:9      | You fall through a shaft for 3 floors!
 10428 | D:12     | Learned a level 5 spell: Lightning Bolt
 10581 | D:10     | Entered Level 10 of the Dungeon
 10921 | D:10     | Reached skill level 13 in Spellcasting
 10942 | D:10     | Offered knowledge of Throw Icicle by Vehumet.
 10969 | D:10     | Reached skill level 1 in Air Magic
 11104 | D:10     | Found a staircase to the Lair.
 11672 | D:10     | Upgraded the game from 0.18-a0-9-gd4dcb6f to 0.18-a0-20-gaede791
 11824 | D:11     | Reached **** piety under Vehumet
 12046 | D:11     | Upgraded the game from 0.18-a0-20-gaede791 to 0.18-a0-33-g9e10395
 12121 | D:11     | Noticed Fannar
 12131 | D:11     | Killed Fannar
 12589 | D:11     | Offered knowledge of Airstrike by Vehumet.
 12909 | D:11     | Noticed a hill giant
 12949 | D:11     | Killed a hill giant
 13312 | D:11     | Reached XP level 12. HP: 96/96 MP: 17/29
 13344 | D:11     | Learned a level 5 spell: Fireball
 13664 | D:12     | Reached skill level 14 in Spellcasting
 13859 | D:12     | Reached ***** piety under Vehumet
 13860 | D:12     | Offered knowledge of Sticky Flame by Vehumet.
 13964 | D:12     | Found Vada's Assorted Antiques.
 13979 | D:12     | Bought a scroll labeled KIAHYO URITHU for 35 gold pieces
 13979 | D:12     | Bought a scroll of identify for 70 gold pieces
 13979 | D:12     | Bought a scroll of identify for 70 gold pieces
 13983 | D:12     | Gained mutation: You are robust (+10% HP). [potion of beneficial mutation]
 14002 | D:12     | Noticed Kirke
 14104 | D:12     | Killed Kirke
 14228 | D:12     | Found a staircase to the Orcish Mines.
 14566 | D:12     | Reached skill level 5 in Air Magic
 14712 | D:12     | Found Mogirouz's Magic Scroll Boutique.
 14720 | D:12     | Bought a scroll of noise for 16 gold pieces
 14720 | D:12     | Bought a scroll of identify for 32 gold pieces
 14769 | D:12     | Found Haroll's Magic Scroll Shop.
 15156 | D:13     | Learned a level 1 spell: Apportation
 15586 | D:13     | Reached skill level 1 in Throwing
 16105 | D:14     | Noticed Maud
 16120 | D:14     | Mangled by Maud

Vault maps used:
D:1:      erik_arrival_cave_to_civilisation, st_stairs_9
D:2:      serial_bayou_pond_b
D:3:      uniq_sigmund, uniq_jessica
D:5:      minitemple, first_bread
D:6:      tso_oasis_becter, fedhas_altar_3, temple_hall, portal_sewer_entry_e,
          grunt_ministairs_9
D:7:      lemuel_crystal_altar, lemuel_zombie_altar_yredelemnul, serial_shops,
          shop, nicolae_shop_temple_entry_statues_fountains
D:8:      led_sif_pool, serial_shops, nicolae_shop_trees, david_nohive_1,
          uniq_erolcha
D:10:     erik_lair_dragon, kennysheep_generic_room_12
D:11:     uniq_fannar
D:12:     david_orc_3, serial_shops, nicolae_shop_stone, nicolae_shop_trees,
          nicolae_shop_crystal, uniq_kirke
D:13:     erik_vaults_2, uniq_nessos
D:14:     special_room, nicolae_ashenzari_panopticon, uniq_maud, uniq_frances,
          uniq_rupert
Temple:   triangle_lava_temple_12
Sewer:    sewer_kobolds

Action                   |  1- 3 |  4- 6 |  7- 9 | 10-12 || total
-------------------------+-------+-------+-------+-------++-------
Melee: Mace              |       |     9 |    34 |       ||    43
       Rapier            |       |       |    84 |   179 ||   263
 Cast: Magic Dart        |    85 |    99 |   136 |   290 ||   610
       Searing Ray       |       |     6 |    34 |    12 ||    52
       Dazzling Spray    |       |     7 |    30 |    81 ||   118
       Iskenderun's Batt |       |       |       |    81 ||    81
       Lightning Bolt    |       |       |       |     8 ||     8
       Iskenderun's Myst |       |       |       |    75 ||    75
Evoke: Wand              |       |       |       |     8 ||     8
  Use: Scroll            |     1 |     8 |     8 |    14 ||    31
       Potion            |       |       |     1 |     1 ||     2
 Stab: Invisible         |       |       |     1 |     2 ||     3
       Paralysed         |       |       |       |     4 ||     4
  Eat: Chunk             |     2 |     6 |    13 |    16 ||    37
       Fruit             |       |       |     1 |    11 ||    12
       Royal jelly       |       |       |       |     4 ||     4
       Pizza             |       |       |       |     1 ||     1
